 Dungeon Crawl Stone Soup version 0.28-a0-178-ga708605c5b (webtiles) character file.

Game seed: 13532137173676434702

147 Spaninq the Sneak (level 5, -4/22 HPs)
             Began as a Felid Transmuter on Aug 17, 2021.
             Was a Priest of Cheibriados.
             Slain by an orc (5 damage)
             ... on level 4 of the Dungeon.
             The game lasted 00:09:47 (4497 turns).

Spaninq the Sneak (Felid Transmuter)                Turns: 4497, Time: 00:09:48

Health: -4/22      AC:  1    Str: 12    XL:     5   Next: 8%
Magic:  9/9        EV: 19    Int: 21    God:    Cheibriados [***...]
Gold:   191        SH:  0    Dex: 23    Spells: 5/8 levels left
                                        Lives:  0   Deaths: 1

rFire   . . .      SeeInvis +     - Unarmed
rCold   . . .      Faith    .   (shield unavailable)
rNeg    . . .      Spirit   .   (armour unavailable)
rPois   .          Reflect  .   (helmet unavailable)
rElec   .          Harm     .   (cloak unavailable)
rCorr   .          Rampage  .   (gloves unavailable)
Will    .....                   (boots unavailable)
Stlth   +++.......              (no amulet)
HPRegen 0.07/turn               (no ring)
MPRegen 0.11/turn               (no ring)

@: appendages, very slow
A: horns 2, very small, claws 1, fangs 3, see invisible, speed 1, shaggy fur 1,
stealthy paws, no weapons or thrown items, no armour, multi-lived
a: End Transformation, Renounce Religion, Bend Time, Temporal Distortion


You were on level 4 of the Dungeon.
You worshipped Cheibriados.
Cheibriados was most pleased with you.
You had temporarily grown beastly horns.
You visited 2 branches of the dungeon, and saw 5 of its levels.

You collected 191 gold pieces.

Inventory:

Scrolls
 a - a scroll of amnesia {unknown}
 b - a scroll of silence {unknown}
 e - 2 scrolls of enchant armour {unknown}
 f - 2 scrolls of enchant weapon {unknown}
 g - 3 scrolls of vulnerability {unknown}
 h - a scroll of magic mapping {unknown}
 i - a scroll of teleportation {unknown}
 k - 2 scrolls of noise {unknown}
 m - a scroll of fear {unknown}
 o - a scroll of identify {unknown}
Potions
 c - 2 potions of curing
 d - 3 potions of lignification {unknown}
 j - a potion of haste {unknown}
 l - a potion of attraction {unknown}
 n - a potion of might {unknown}


   Skills:
 + Level 1.9 Fighting
 + Level 3.4 Dodging
 - Level 5.3 Stealth
 * Level 4.3 Unarmed Combat
 - Level 2.0 Spellcasting
 + Level 2.9 Transmutations


You had 5 spell levels left.
You knew the following spells:

 Your Spells              Type           Power      Damage    Failure   Level
a - Beastly Appendage     Tmut           28%        N/A       4%          1
b - Wereblood             Tmut           14%        N/A       7%          2

Your spell library contained the following spells:

 Spells                   Type           Power      Damage    Failure   Level
 Slow                     Hex            2%         N/A       22%         2
 Spider Form              Tmut/Pois      4%         N/A       24%         3
 Confusing Touch          Hex            2%         N/A       41%         3
 Ice Form                 Ice/Tmut       8%         N/A       63%         4
 Yara's Violent Unravell  Hex/Tmut       4%         3d4       92%         5


Dungeon Overview and Level Annotations

Branches:
Dungeon (4/15)             Temple (1/1) D:4

Altars:
Cheibriados
Hepliaklqana
Qazlal
Uskayaw
Vehumet
Wu Jian


Innate Abilities, Weirdness & Mutations

You have temporarily grown beastly horns.
You have sharp claws.
You have razor-sharp teeth.
You have supernaturally acute eyesight. (SInv)
You cover ground quickly. (Speed+)
You are covered in fur. (AC +1)
Your paws help you pounce on unaware monsters.
You are incapable of wielding weapons or throwing items.
You cannot wear armour.
You gain extra lives every three experience levels.


Message History

You hear a shout!
You closely miss the orc priest.
The orc priest is lightly wounded.
The orc priest misses you.
You scratch the orc priest but do no damage.
The orc priest is lightly wounded.
The orc priest completely misses you.
You barely miss the orc priest. You headbutt the orc priest!
The orc priest is severely wounded.
The orc priest mumbles some strange prayers to Beogh against you.
You struggle to resist.
You scratch the orc priest but do no damage.
The orc priest is severely wounded.
You closely miss the orc priest.
The orc priest is severely wounded.
The orc priest hits you with a +0 dagger.
* * * LOW HITPOINT WARNING * * *
You barely miss the orc priest. Your headbutt misses the orc priest.
The orc priest is severely wounded.
The orc priest closely misses you.
You claw the orc priest!
You kill the orc priest!
Cheibriados appreciates the change of pace.
The orc hits you with a +0 hand axe.
* * * LOW HITPOINT WARNING * * *
Welcome back to level 5!
You scratch the orc. Your headbutt misses the orc.
The orc is heavily wounded.
The orc barely misses you.
You barely miss the orc.
The orc is heavily wounded.
The orc hits you with a +0 hand axe.
* * * LOW HITPOINT WARNING * * *
You closely miss the orc. You headbutt the orc, but do no damage.
The orc is moderately wounded.
The orc misses you.
You scratch the orc but do no damage.
The orc is moderately wounded.
The orc hits you with a +0 hand axe.
You die...

########.#
#.....>..#
#........#
#.....o<.#
#...<...oo
#........# #+#
########'#####
.........)@..#
.........o...#
.............#
.............#
.............#
.............#
########'#####
#######
#......#####
......#
###..........#


You could see an orc.

Vanquished Creatures
  A centaur skeleton (D:4)
  2 orc priests (D:4)
  4 gnolls (D:4)
  4 adders
  A worm (D:3)
  2 dart slugs
  7 orcs
  5 endoplasms
  4 giant cockroaches
  2 goblins
  3 hobgoblins
  5 jackals (D:1)
  8 ball pythons
  7 bats
  5 frilled lizards
  6 kobolds
  8 rats
74 creatures vanquished.

Notes
Turn   | Place    | Note
-------+----------+-------------------------------------------
     0 | D:1      | Spaninq the Felid Transmuter began the quest for the Orb.
     0 | D:1      | Reached XP level 1. HP: 9/9 MP: 4/4
   177 | D:1      | Reached skill level 1 in Stealth
   208 | D:1      | Reached skill level 2 in Stealth
   208 | D:1      | Reached XP level 2. HP: 11/12 MP: 4/6
   542 | D:1      | Found a faded altar of an unknown god.
   550 | D:1      | Became a worshipper of Cheibriados the Contemplative
   550 | D:1      | Reached * piety under Cheibriados
   712 | D:1      | Reached skill level 3 in Stealth
  1190 | D:2      | Reached XP level 3. HP: 14/15 MP: 7/7
  1243 | D:2      | Learned a level 2 spell: Wereblood
  1447 | D:2      | Reached skill level 4 in Stealth
  1576 | D:2      | Reached ** piety under Cheibriados
  1934 | D:3      | Found a snail-covered altar of Cheibriados.
  2369 | D:3      | Found a stormy altar of Qazlal.
  2385 | D:3      | Reached XP level 4. HP: 18/19 MP: 8/8
  2970 | D:3      | Reached skill level 5 in Stealth
  3077 | D:4      | Found a hide-covered altar of Uskayaw.
  3707 | D:4      | Reached XP level 5. HP: 6/22 MP: 7/9
  4013 | D:4      | Slain by a gnoll
  4014 | D:4      | Reached XP level 4. HP: -2/19 MP: 8/8
  4074 | D:4      | Found a staircase to the Ecumenical Temple.
  4089 | D:4      | Reached *** piety under Cheibriados
  4334 | D:4      | Found a hazy altar of Hepliaklqana.
  4360 | Temple   | Entered the Ecumenical Temple
  4494 | D:4      | Reached XP level 5. HP: 4/22 MP: 9/9
  4495 | D:4      | HP: 1/22 [orc (4)]
  4497 | D:4      | Slain by an orc

Illustrated notes

Levels and vault maps discovered:
D:1:      dpeg_arrival_radiant, layout_loops_cross,
          dreamdust_ecumenical_altar_sealed_demon
D:2:      layout_loops_ring
D:3:      layout_loops_ring, lemuel_coloured_pillars_altar,
          nicolae_qazlal_eye_of_the_storm, kennysheep_generic_room_11
D:4:      layout_basic, lemuel_round_altar, nicolae_ru_awakened_eye,
          marbit_many_paths, minmay_temple_entry_proselytizer, serial_shops,
          shop
Temple:   dpeg_three_leaves_temple

Skill      XL: |  1  2  3  4  5 |
---------------+----------------+-----
Stealth        | 2 3 4 5 |  5.3
Dodging        | 3 |  3.4
Unarmed Combat | 4 |  4.3
Fighting       | |  1.9
Spellcasting   | |  2.0
Transmutations | |  2.9

Action                   |  1- 3 |  4- 6 || total
-------------------------+-------+-------++-------
Melee: Unarmed           |   116 |    87 ||   203
       Headbutt          |     9 |    20 ||    29
       Bite              |     8 |     7 ||    15
       Punch             |     2 |     1 ||     3
 Cast: Beastly Appendage |    18 |    14 ||    32
  Use: Potion            |     1 |     1 ||     2
 Stab: Sleeping          |    12 |     2 ||    14
Armor: Skin              |    10 |     1 ||    11
Dodge: Dodged            |    96 |    98 ||   194

Table legend: (Time is in decaauts)
 A = Elapsed time spent in this place.
 B = Non-inter-level travel time spent in this place.
 C = Inter-level travel time spent in this place.
 D = Time resting spent in this place.
 E = Time spent auto-exploring this place.
 F = Levels seen in this place.
 G = Mean time per level.
                   A        B        C        D        E       F      G
               +--------+--------+--------+--------+--------+-----+--------+
         Total |   5033 |   4899 |    134 |   1108 |   3062 |   5 | 1006.6 |
       Dungeon |   5031 |   4897 |    134 |   1108 |   3062 |   4 | 1257.8 |
        Temple |      1 |      1 |      0 |      0 |      0 |   1 |    1.0 |
               +--------+--------+--------+--------+--------+-----+--------+

Top non-repeatable levels by time:
     D:4: 1589 daAuts
     D:3: 1435 daAuts
     D:1: 1141 daAuts
     D:2: 864 daAuts
  Temple: 1 daAuts
